 Dungeon Crawl Stone Soup version 0.24.0-123-gd5b16e6ec5 (webtiles) character file.

Game seed: 15317184167919900338, levelgen mode: deterministic

648 Elellon the Cleaver (level 7, -11/61 HPs)
             Began as a Deep Dwarf Fighter on Dec 31, 2019.
             Was an Initiate of Makhleb.
             Killed from afar by a hellion (34 damage)
             ... with damnation
             ... on level 1 of the Abyss on Jan 1, 2020.
             The game lasted 00:16:59 (4137 turns).

Elellon the Cleaver (Deep Dwarf Fighter)            Turns: 4137, Time: 00:16:59

Health: -11/61     AC: 11    Str: 22    XL:     7   Next: 27%
Magic:  7/7        EV:  8    Int: 11    God:    Makhleb [......]
Gold:   305        SH:  9    Dex: 12    Spells: 6/6 levels left

rFire    . . .     SeeInvis .   a - +0 war axe
rCold    . . .     Gourm    .   c - +0 shield
rNeg     . . .     Faith    .   b - +0 scale mail
rPois    .         Spirit   .   q - +0 helmet
rElec    .         Reflect  .   (no cloak)
rCorr    .         Harm     .   k - +2 pair of gloves
MR       +....                  (no boots)
Stlth    ..........             (no amulet)
HPRegen  0.00/turn              m - +3 ring of intelligence
MPRegen  0.10/turn              (no ring)

@: non-regenerating
A: damage resistance, heal wounds, sense surroundings 1, no regeneration
a: Heal Wounds, Renounce Religion


You were on level 1 of the Abyss.
You worshipped Makhleb.
Makhleb was noncommittal.
You were very hungry.

You visited 2 branches of the dungeon, and saw 6 of its levels.
You visited the Abyss 1 time.

You collected 305 gold pieces.

Inventory:

Hand Weapons
 a - a +0 war axe (weapon)
Armour
 b - a +0 scale mail (worn)
 c - a +0 shield (worn)
 k - a +2 pair of gloves (worn)
 q - a +0 helmet (worn)
Jewellery
 m - a +3 ring of intelligence (left hand)
 x - an uncursed amulet of magic regeneration {unknown}
Wands
 y - a wand of random effects (11)
 B - a wand of acid (10)
Scrolls
 e - 2 scrolls of magic mapping {unknown}
 g - 5 scrolls of remove curse {unknown}
 i - 4 scrolls of identify
 l - 2 scrolls of fog {unknown}
 n - a scroll of fear {unknown}
 t - 2 scrolls of blinking {unknown}
 u - 3 scrolls of noise {unknown}
 w - 3 scrolls of teleportation {unknown}
Potions
 d - 2 potions of might
 h - 2 potions of lignification {unknown}
 j - 2 potions of flight {unknown}
 o - a potion of heal wounds {unknown}
 p - 2 potions of brilliance {unknown}
 r - 2 potions of berserk rage {unknown}
 s - a potion of degeneration {unknown}
 v - a potion of invisibility {unknown}
 z - a potion of agility {unknown}
 A - a potion of curing {unknown}
Comestibles
 f - 11 rations


   Skills:
 - Level 2.6 Fighting
 * Level 8.5 Axes
 - Level 3.3 Armour
 + Level 2.4 Dodging
 - Level 3.2 Shields


You had 6 spell levels left.
You didn't know any spells.
Your spell library was empty.

Dungeon Overview and Level Annotations

Branches:
Dungeon (5/15)             Temple (1/1) D:4

Altars:
Cheibriados
Dithmenos
Elyvilon
Fedhas
Gozag
Hepliaklqana
Kikubaaqudgha
Makhleb
Qazlal
Ru
Sif Muna
Trog
Uskayaw
Wu Jian
Yredelemnul
Zin
The Shining One


Innate Abilities, Weirdness & Mutations

You are resistant to damage.
You can heal yourself by infusing magical energy.
You passively map a small area around you.
You do not regenerate.


Message History

Your extra speed is starting to run out.
You feel yourself slow down.
A quasit and an ufetubus come into view.
The ufetubus shouts!
The quasit gives a chilling moan.
A neqoxec comes into view.
The neqoxec shouts!
Found a fuming inky potion.
You block the neqoxec's attack.
A hellion comes into view.
The hellion gives a hideous shriek!
The hellion gestures at you.
The sphere of damnation explodes!
The damnation engulfs you!!
The damnation engulfs the ufetubus!!
The ufetubus dies!
The neqoxec gestures at you.
Something tries to feed on your intellect!
The hellion gestures at you.
The sphere of damnation explodes!
The damnation engulfs you!!
Ouch! That really hurt!
You die...

.# ≈.. ## # #.
.#≈..≈. ...##.. #. ..
#.##≈≈≈≈≈...#.. .. #
.#...≈≈≈.≈#.#.# . ##.
## .... ≈≈#≈≈..#
.#..##
....#..##.#.#.# .
##.#. ..#.........#
#.. #. .
#....#@....####..###.
# #...#.###..# . ##.#
###.2.3.#..#. ## #.
#....5#..##..#..##
...#.##.#..#.#...#..
####### ..##..# .. .
# ..#..#. ...#. ###..
##....... #.##..#.#.#


5 You could see a hellion and a quasit.

Vanquished Creatures
  Eustachio (D:4)
  A hound (D:5)
  An orc priest (D:5)
  2 orc wizards (D:5)
  A centaur skeleton (D:5)
  4 worker ants
  2 hound skeletons (D:4)
  Robin (D:2)
  4 gnolls (D:2)
  5 adders
  2 shadow imps (D:5)
  A white imp (Abyss:1)
  An adder zombie (D:5)
  5 leopard geckos
  12 orcs
  7 giant cockroaches
  18 goblins
  13 hobgoblins
  4 jackals (D:4)
  2 quokkas
  A ball python (D:5)
  13 bats
  6 frilled lizards
  A giant cockroach zombie (D:5)
  5 kobolds
  8 rats
  A plant (D:4)
122 creatures vanquished.

Vanquished Creatures (others)
  An ufetubus (Abyss:1)
  A plant (D:4)
2 creatures vanquished.

Grand Total: 124 creatures vanquished

Notes
Turn   | Place    | Note
-------+----------+-------------------------------------------
     0 | D:1      | Elellon the Deep Dwarf Fighter began the quest for the Orb.
     0 | D:1      | Reached XP level 1. HP: 20/20 MP: 1/1
   180 | D:1      | Reached skill level 3 in Axes
   180 | D:1      | Reached XP level 2. HP: 27/27 MP: 2/2
   499 | D:1      | Reached XP level 3. HP: 26/33 MP: 3/3
   675 | D:2      | Noticed Robin
   812 | D:2      | Reached skill level 4 in Axes
   835 | D:2      | Reached skill level 1 in Dodging
   883 | D:2      | Reached XP level 4. HP: 7/40 MP: 4/4
   900 | D:2      | Found an opulent altar of Gozag.
   983 | D:2      | Killed Robin
   983 | D:2      | Reached skill level 5 in Axes
  1066 | D:2      | Reached XP level 5. HP: 24/46 MP: 5/5
  1611 | D:3      | Found a shimmering blue altar of Sif Muna.
  1938 | D:3      | Reached skill level 6 in Axes
  2470 | D:4      | Found a basalt altar of Yredelemnul.
  2744 | D:4      | Reached XP level 6. HP: 45/55 MP: 6/6
  2783 | D:4      | Found a staircase to the Ecumenical Temple.
  2791 | D:4      | Noticed Eustachio
  2804 | D:4      | Killed Eustachio
  2804 | D:4      | Reached skill level 7 in Axes
  3055 | D:5      | Entered Level 5 of the Dungeon
  3228 | D:5      | Reached skill level 8 in Axes
  3228 | D:5      | Reached XP level 7. HP: 58/61 MP: 7/7
  3654 | Temple   | Entered the Ecumenical Temple
  3729 | Temple   | Became a worshipper of Makhleb the Destroyer
  3767 | D:5      | Noticed a +0 dagger
  3769 | D:5      | Noticed a -1 dagger
  3770 | D:5      | Found a hide-covered altar of Uskayaw.
  3858 | D:5      | Cast into level 1 of the Abyss (orc)
  3931 | Abyss:1  | Noticed a deep elf mage
  3988 | Abyss:1  | Noticed a tentacled starspawn
  4028 | Abyss:1  | Noticed a large abomination
  4028 | Abyss:1  | Noticed a spatial vortex
  4029 | Abyss:1  | Noticed a spatial vortex
  4031 | Abyss:1  | Noticed a spatial vortex
  4031 | Abyss:1  | Noticed a spatial vortex
  4033 | Abyss:1  | Noticed a spatial vortex
  4057 | Abyss:1  | Noticed an apocalypse crab
  4059 | Abyss:1  | Noticed a starcursed mass
  4124 | Abyss:1  | Noticed a neqoxec
  4131 | Abyss:1  | Noticed a hellion
  4137 | Abyss:1  | Killed from afar by a hellion

Levels and vault maps discovered:
D:1:      mainiacjoe_arrival_reflecting_pool, layout_loops_ring,
          minmay_misc_feat_tower
D:2:      layout_basic, nicolae_gozag_cash_rules_everything_around_me,
          uniq_robin
D:3:      layout_basic, lemuel_round_altar
D:4:      layout_rooms, minmay_temple_entry_from_below_a, first_ration,
          serial_bayou, serial_bayou_ford_a, serial_bayou_lagoon_a,
          serial_bayou_lake_a, serial_bayou_pond_c, serial_bayou_pond_a,
          lemuel_statue_altar, uniq_eustachio
D:5:      layout_basic, dancing_weapons_uskayaw
Temple:   nicolae_temple_great_sept
Abyss:1:  base:
D:12

Skill      XL: |  1  2  3  4  5  6 |
---------------+-------------------+-----
Axes           | 3 4 5 6 8 |  8.5
Dodging        | 1 2 |  2.4
Fighting       | |  2.6
Armour         | |  3.3
Shields        | |  3.2

Action                   |  1- 3 |  4- 6 |  7- 9 || total
-------------------------+-------+-------+-------++-------
Melee: War axe           |   100 |   263 |    53 ||   416
 Abil: Heal Wounds       |     1 |     4 |       ||     5
  Use: Scroll            |       |     1 |       ||     1
  Eat: Chunk             |       |     8 |     2 ||    10
Armor: Scale mail        |    43 |    99 |    28 ||   170
Dodge: Dodged            |    23 |    72 |    17 ||   112
Block: Shield            |    59 |   101 |    35 ||   195
